 Dungeon Crawl Stone Soup version 0.26-a0-438-g4b1dca4f87 (webtiles) character file.

Game seed: 1407140903575170521

2851 Gargoyl the Fighter (level 9, -2/74 HPs)
             Began as a Gnoll Abyssal Knight on July 24, 2020.
             Was an Elder of Lugonu.
             Slain by a porcupine (4 damage)
             ... while petrified by a basilisk
             ... on level 9 of the Dungeon on July 26, 2020.
             The game lasted 00:12:08 (8883 turns).

Gargoyl the Fighter (Gnoll Abyssal Knight)          Turns: 8883, Time: 00:12:09

Health: -2/74      AC: 15    Str: 16    XL:     9   Next: 74%
Magic:  14/14      EV:  2    Int: 16    God:    Lugonu [****..]
Gold:   512        SH:  0    Dex: 15    Spells: 17/17 levels left

rFire    + . .     SeeInvis .   t - +1 broad axe
rCold    + . .     Faith    .   (no shield)
rNeg     + + +     Spirit   .   g - +1 chain mail
rPois    ∞         Reflect  .   j - +2 helmet
rElec    .         Harm     .   u - scarf {rC+ rF+}
rCorr    .                      d - +0 pair of gloves
MR       .....                  (no boots)
Stlth    ..........             (no amulet)
HPRegen  0.22/turn              f - ring of poison resistance
MPRegen  0.14/turn              A - +4 ring of slaying

@: petrified
A: distributed training, fangs 1, low mp 1, strong nose
a: Depart the Abyss, Bend Space, Banish, Corrupt, Renounce Religion


You were on level 9 of the Dungeon.
You worshipped Lugonu.
Lugonu was greatly pleased with you.
You visited 1 branch of the dungeon, and saw 9 of its levels.
You visited the Abyss 1 time.

You collected 512 gold pieces.

Inventory:

Hand Weapons
 a - a +1 hand axe
 t - a +1 broad axe (weapon)
Missiles
 r - 11 boomerangs (quivered)
Armour
 d - a +0 pair of gloves (worn)
 g - a +1 chain mail (worn)
 j - a +2 helmet (worn)
 n - the +1 ring mail "Kunwoddo" {-Cast rPois rC+++ MP+9}
   (You found it on level 8 of the Dungeon)

   It renders you almost immune to cold.
   It protects you from poison.
   It affects your magic capacity (+9).
   It prevents spellcasting.
 u - a scarf of resistance (worn)
Jewellery
 f - a ring of poison resistance (left hand)
 A - a +4 ring of slaying (right hand)
 B - an uncursed ring of resist corrosion {unknown}
Wands
 e - a wand of acid (14)
 z - a wand of iceblast (7)
Scrolls
 c - a scroll of identify
 m - 4 scrolls of teleportation
 o - a scroll of blinking
 p - 2 scrolls of magic mapping
 q - 5 scrolls of remove curse
 s - 3 scrolls of fear
Potions
 b - a potion of brilliance
 h - a potion of curing
 i - 3 potions of stabbing
 k - 2 potions of heal wounds
 l - a potion of haste
 v - a potion of cancellation {unknown}
 w - a potion of lignification {unknown}
 x - a potion of invisibility {unknown}
 C - a potion of berserk rage


   Skills:
 + Level 8.0 Fighting
 + Level 4.5 Short Blades
 + Level 4.5 Long Blades
 + Level 6.5 Axes
 + Level 4.5 Maces & Flails
 + Level 4.5 Polearms
 + Level 4.5 Staves
 + Level 4.5 Slings
 + Level 4.5 Bows
 + Level 4.5 Crossbows
 + Level 4.5 Throwing
 + Level 6.5 Armour
 + Level 5.3 Dodging
 + Level 4.5 Stealth
 + Level 4.5 Shields
 + Level 4.5 Unarmed Combat
 + Level 4.5 Spellcasting
 + Level 3.7 Conjurations
 + Level 3.7 Hexes
 + Level 3.7 Summonings
 + Level 3.7 Necromancy
 + Level 3.7 Translocations
 + Level 3.7 Transmutations
 + Level 3.7 Fire Magic
 + Level 3.7 Ice Magic
 + Level 3.7 Air Magic
 + Level 3.7 Earth Magic
 + Level 3.7 Poison Magic
 + Level 6.9 Invocations
 + Level 4.5 Evocations


You had 17 spell levels left.
You didn't know any spells.
Your spell library contained the following spells:

 Spells                   Type           Power        Failure   Level
 Animate Skeleton         Necr           ###...       43%         1
 Apportation              Tloc           ###...       43%         1
 Corona                   Hex            ###....      43%         1
 Sandblast                Erth           ###...       43%         1
 Summon Small Mammal      Summ           ###.         43%         1
 Passwall                 Tmut/Erth      ###.....     56%         2
 Stone Arrow              Conj/Erth      ###...       80%         3
 Petrify                  Tmut/Erth      ###.....     99%         4
 Lee's Rapid Deconstruct  Erth           ###.......   100%        5


Dungeon Overview and Level Annotations

Branches:
Dungeon (9/15)             Temple (0/1) D:4
   Lair: D:8-11         Orc: D:9-12

Altars:
Nemelex Xobeh
Ru
Trog
Xom


Innate Abilities, Weirdness & Mutations

Your experience applies equally to all skills.
You have very sharp teeth.
Your uncanny sense of smell can sniff out nearby items.
Your magical capacity is low. (-10% MP)


Message History

The orc hits you with a +0 whip.
* * * LOW HITPOINT WARNING * * *
The scorpion stings you but does no damage.
The porcupine bites you but does no damage.
The basilisk gazes at you.
Your limbs have turned to stone.
You have turned to stone.
The porcupine bites you.
* * * LOW HITPOINT WARNING * * *
The orc hits you but does no damage.
The scorpion stings you but does no damage.
The porcupine bites you but does no damage.
The porcupine bites you!
* * * LOW HITPOINT WARNING * * *
The basilisk bites you but does no damage.
The orc hits you but does no damage. x2; The porcupine bites you!
* * * LOW HITPOINT WARNING * * *
The basilisk bites you but does no damage.
The orc priest hits you but does no damage.
The scorpion completely misses you. The porcupine bites you!
You die...

......#......#.........P
......#......#.......♣.♣.
....(.#...............P..
......#.......).......P.P
......#.......o......P...
..#...#.........Y........
..#..<.......ooYlro......
..#...########.sroY......
. #...# .....Yl@ro......
##+## ..>...loo.......
................
................
................
................
................
#####..........


You could see 4 yaks, 3 basilisks, an orc warrior, a scorpion, 3 porcupines, 2
orc priests and 5 orcs.

Vanquished Creatures
  A yaktaur (D:7)
  Prince Ribbit (D:5)
  A raiju (Abyss:2)
  Eustachio (D:5)
  An orc warrior (D:8)
  2 ogres
  2 centaurs
  2 bullfrogs
  2 scorpions (D:7)
  5 killer bees (D:7)
  A howler monkey (D:8)
  Crazy Yiuf (D:5)
  2 quasits
  A jelly (D:6)
  9 orc wizards
  5 orc priests
  A hound (D:4)
  Terence (D:2)
  2 iguanas
  5 worker ants
  2 worker ant zombies
  Robin (D:4)
  4 gnolls (D:6)
  3 adders
  2 howler monkey skeletons
  A shadow imp (D:5)
  A white imp (D:7)
  2 adder skeletons
  5 worms
  2 dart slugs
  5 leopard geckos
  30 orcs
  A ball python (D:5)
  7 bats
  5 giant cockroaches
  13 goblins
  8 hobgoblins
  9 jackals
  10 kobolds
  2 quokkas
  A ball python skeleton (D:3)
  5 frilled lizards
  A jackal skeleton (D:4)
  2 leopard gecko skeletons
  6 rats
174 creatures vanquished.

Vanquished Creatures (others)
  An acid dragon (D:7)
  An orc wizard (D:7)
  An ufetubus (D:6)
3 creatures vanquished.

Grand Total: 177 creatures vanquished

Notes
Turn   | Place    | Note
-------+----------+-------------------------------------------
     0 | Abyss:1  | Gargoyl the Gnoll Abyssal Knight began the quest for the
                  | Orb.
     0 | Abyss:1  | Reached XP level 1. HP: 23/23 MP: 3/3
    92 | Abyss:2  | Found a corrupted altar of Lugonu.
   134 | Abyss:2  | Noticed a raiju
   136 | Abyss:2  | Noticed a quasit
   136 | Abyss:2  | Killed a quasit
   136 | Abyss:2  | Reached XP level 2. HP: 29/29 MP: 5/5
   136 | Abyss:2  | Reached XP level 3. HP: 35/35 MP: 6/6
   140 | Abyss:2  | Killed a raiju
   140 | Abyss:2  | Reached skill level 1 in Short Blades
   140 | Abyss:2  | Reached skill level 1 in Long Blades
   140 | Abyss:2  | Reached skill level 1 in Maces & Flails
   140 | Abyss:2  | Reached skill level 1 in Polearms
   140 | Abyss:2  | Reached skill level 1 in Staves
   140 | Abyss:2  | Reached skill level 1 in Slings
   140 | Abyss:2  | Reached skill level 1 in Bows
   140 | Abyss:2  | Reached skill level 1 in Crossbows
   140 | Abyss:2  | Reached skill level 1 in Throwing
   140 | Abyss:2  | Reached skill level 1 in Stealth
   140 | Abyss:2  | Reached skill level 1 in Shields
   140 | Abyss:2  | Reached skill level 1 in Unarmed Combat
   140 | Abyss:2  | Reached skill level 1 in Spellcasting
   140 | Abyss:2  | Reached skill level 1 in Conjurations
   140 | Abyss:2  | Reached skill level 1 in Hexes
   140 | Abyss:2  | Reached skill level 1 in Summonings
   140 | Abyss:2  | Reached skill level 1 in Necromancy
   140 | Abyss:2  | Reached skill level 1 in Translocations
   140 | Abyss:2  | Reached skill level 1 in Transmutations
   140 | Abyss:2  | Reached skill level 1 in Fire Magic
   140 | Abyss:2  | Reached skill level 1 in Ice Magic
   140 | Abyss:2  | Reached skill level 1 in Air Magic
   140 | Abyss:2  | Reached skill level 1 in Earth Magic
   140 | Abyss:2  | Reached skill level 1 in Poison Magic
   140 | Abyss:2  | Reached skill level 1 in Evocations
   140 | Abyss:2  | Reached XP level 4. HP: 41/41 MP: 7/7
   140 | Abyss:2  | Reached XP level 5. HP: 47/47 MP: 8/8
   151 | Abyss:2  | Noticed an apocalypse crab
   166 | Abyss:2  | Noticed a raiju
   169 | D:1      | Escaped the Abyss
   407 | D:1      | Reached skill level 5 in Invocations
   465 | D:1      | Reached * piety under Lugonu
   584 | D:1      | Reached XP level 6. HP: 53/53 MP: 9/9
   881 | D:2      | Noticed Terence
   894 | D:2      | Killed Terence
  1171 | D:2      | Found a faded altar of an unknown god.
  1304 | D:2      | Found a bloodstained altar of Trog.
  1304 | D:2      | Found a sparkling altar of Nemelex Xobeh.
  1305 | D:2      | Found a sacrificial altar of Ru.
  1333 | D:2      | Reached skill level 5 in Axes
  1333 | D:2      | Reached skill level 5 in Armour
  1661 | D:3      | Reached ** piety under Lugonu
  1728 | D:3      | You fall into a shaft and drop 1 floor!
  1742 | D:4      | Noticed Robin
  1761 | D:4      | Killed Robin
  2278 | D:4      | Reached XP level 7. HP: 59/59 MP: 10/10
  2298 | D:4      | Reached skill level 7 in Fighting
  2497 | D:3      | Reached *** piety under Lugonu
  3038 | D:4      | Found a staircase to the Ecumenical Temple.
  3184 | D:5      | Entered Level 5 of the Dungeon
  3191 | D:5      | Noticed Eustachio
  3269 | D:5      | Killed Eustachio
  3682 | D:5      | Noticed Prince Ribbit
  3701 | D:5      | Killed Prince Ribbit
  3701 | D:5      | Reached XP level 8. HP: 42/67 MP: 12/12
  4268 | D:5      | Found a runed translucent door.
  4269 | D:5      | Noticed Crazy Yiuf
  4409 | D:5      | Killed Crazy Yiuf
  6096 | D:7      | Gained mutation: Your magical capacity is low. (-10% MP)
                  | [potion of mutation]
  6096 | D:7      | Gained mutation: You evolve. [potion of mutation]
  6098 | D:7      | Upgraded the game from 0.26-a0-412-ga3d1f51b80 to
                  | 0.26-a0-438-g4b1dca4f87
  6201 | D:7      | Noticed a hippogriff
  6210 | D:7      | Noticed a jumping spider
  6210 | D:7      | a hippogriff changed into a jumping spider
  6218 | D:7      | Noticed a yaktaur
  6218 | D:7      | a jumping spider changed into a yaktaur
  6227 | D:7      | Killed a yaktaur
  6227 | D:7      | Reached XP level 9. HP: 7/73 MP: 13/13
  6836 | D:7      | HP: 3/73 [something/puff of frost (4)]
  6923 | D:6      | Lost mutation: You evolve. [evolution]
  7371 | D:7      | Reached **** piety under Lugonu
  7443 | D:8      | Reached skill level 5 in Dodging
  7510 | D:7      | HP: 3/74 [poisoned by a killer bee]
  7823 | D:7      | HP: 3/74 [killer bee (5)]
  8218 | D:8      | Reached skill level 8 in Fighting
  8625 | D:8      | Found a shimmering altar of Xom.
  8657 | D:8      | Got a shimmering ring mail
  8668 | D:8      | Identified the cursed +1 ring mail "Kunwoddo" {-Cast rPois
                  | rC+++ MP+9} (You found it on level 8 of the Dungeon)
  8883 | D:9      | HP: 2/74 [porcupine (4)]
  8883 | D:9      | Slain by a porcupine

Illustrated notes

Levels and vault maps discovered:
D:1:      eino_arrival_cavern_a, layout_rooms, serial_forest,
          infiniplex_forest_clump_small, infiniplex_forest_lined_room_3,
          infiniplex_forest_end_double, infiniplex_forest_lined_3,
          infiniplex_forest_zigzag_1, infiniplex_forest_clump_double,
          infiniplex_forest_lined_room_2, minmay_pentomino_o4
D:2:      layout_rooms, gammafunk_temple_overflow_claw,
          chequers_ecumenical_altar_island, uniq_terence
D:3:      layout_rooms
D:4:      layout_cave_pools, minmay_temple_entry_fiery, uniq_robin
D:5:      layout_loops_ring, minmay_misc_feat_doors, uniq_crazy_yiuf_cottage,
          uniq_eustachio, uniq_prince_ribbit1
D:6:      layout_basic, serial_co_window_serial, co_window_paths_b,
          co_window_of_opportunity_a, co_window_of_opportunity_a,
          co_window_of_opportunity_a, co_window_corner_a, co_window_paths_a,
          co_window_paths_a, co_window_of_opportunity_a, co_window_corner_a,
          co_window_corner_ca, co_window_2corner, co_window_2corner,
          co_window_paths_c, co_window_of_opportunity_b, serial_park_tiny_2
D:7:      layout_loops_ring
D:8:      layout_rooms, basic_altar
D:9:      layout_grid_maze, lemuel_crystal_altar, minmay_lair_entry_grove

Skill      XL: |  1  2  3  4  5  6  7  8  9 |
---------------+----------------------------+-----
Short Blades   | 1 2 3 4 |  4.5
Long Blades    | 1 2 3 4 |  4.5
Maces & Flails | 1 2 3 4 |  4.5
Polearms       | 1 2 3 4 |  4.5
Staves         | 1 2 3 4 |  4.5
Slings         | 1 2 3 4 |  4.5
Bows           | 1 2 3 4 |  4.5
Crossbows      | 1 2 3 4 |  4.5
Throwing       | 1 2 3 4 |  4.5
Dodging        | 3 4 5 |  5.3
Stealth        | 1 2 3 4 |  4.5
Shields        | 1 2 3 4 |  4.5
Unarmed Combat | 1 2 3 4 |  4.5
Spellcasting   | 1 2 3 4 |  4.5
Conjurations   | 1 2 3 |  3.7
Hexes          | 1 2 3 |  3.7
Summonings     | 1 2 3 |  3.7
Necromancy     | 1 2 3 |  3.7
Translocations | 1 2 3 |  3.7
Transmutations | 1 2 3 |  3.7
Fire Magic     | 1 2 3 |  3.7
Ice Magic      | 1 2 3 |  3.7
Air Magic      | 1 2 3 |  3.7
Earth Magic    | 1 2 3 |  3.7
Poison Magic   | 1 2 3 |  3.7
Evocations     | 1 2 3 4 |  4.5
Invocations    | 5 6 |  6.9
Axes           | 5 6 |  6.5
Armour         | 5 6 |  6.5
Fighting       | 7 8 |  8.0

Action                   |  1- 3 |  4- 6 |  7- 9 || total
-------------------------+-------+-------+-------++-------
Melee: Hand axe          |       |   196 |   258 ||   454
       Bite              |       |    26 |    63 ||    89
       Punch             |       |     1 |     8 ||     9
       Unarmed           |       |     5 |       ||     5
       Broad axe         |       |       |   206 ||   206
Invok: Depart the Abyss  |       |     1 |       ||     1
       Bend Space        |       |       |     2 ||     2
       Banish            |       |       |     1 ||     1
Evoke: Wand              |     3 |     1 |    12 ||    16
  Use: Scroll            |     1 |    11 |    13 ||    25
       Potion            |     1 |       |     9 ||    10
Armor: Ring mail         |       |    87 |    11 ||    98
       Skin              |       |     1 |       ||     1
       Chain mail        |       |       |   476 ||   476
Dodge: Dodged            |       |   176 |   338 ||   514

Table legend: (Time is in decaauts)
 A = Elapsed time spent in this place.
 B = Non-inter-level travel time spent in this place.
 C = Inter-level travel time spent in this place.
 D = Time resting spent in this place.
 E = Time spent auto-exploring this place.
 F = Levels seen in this place.
 G = Mean time per level.
                   A        B        C        D        E       F      G
               +--------+--------+--------+--------+--------+-----+--------+
         Total |   8969 |   8733 |    236 |   2130 |   4755 |  11 |  815.4 |
       Dungeon |   8801 |   8565 |    236 |   2130 |   4629 |   9 |  977.9 |
         Abyss |    168 |    168 |      0 |      0 |    126 |   2 |   84.0 |
               +--------+--------+--------+--------+--------+-----+--------+

Top non-repeatable levels by time:
     D:7: 1911 daAuts
     D:6: 1700 daAuts
     D:5: 1399 daAuts
     D:4: 1002 daAuts
     D:8: 722 daAuts
     D:1: 702 daAuts
     D:3: 672 daAuts
     D:2: 642 daAuts
 Abyss:2: 84 daAuts
 Abyss:1: 84 daAuts
     D:9: 46 daAuts
